 Dungeon Crawl Stone Soup version 0.22.1-2-g9c5b331 (webtiles) character file.

43 Matador8 the Insei (level 3, -2/26 HPs)
             Began as a Merfolk Transmuter on Dec 19, 2018.
             Killed by divine providence
             ... invoked by an orc priest
              (12 damage)
             ... on level 2 of the Dungeon.
             The game lasted 00:07:49 (1830 turns).

Matador8 the Insei (Merfolk Transmuter)             Turns: 1830, Time: 00:07:49

Health: -2/26      AC:  2    Str: 10    XL:     3   Next: 58%
Magic:  5/6        EV: 13    Int: 13    God:
Gold:   58         SH:  0    Dex: 14    Spells: 0/6 levels left

rFire    . . .     SeeInvis .     - Unarmed
rCold    . . .     Gourm    .   (no shield)
rNeg     . . .     Faith    .   b - +0 robe
rPois    .         Spirit   .   (no helmet)
rElec    .         Reflect  .   (no cloak)
rCorr    .         Harm     .   (no gloves)
MR       .....                  (no boots)
Stlth    +.........             (no amulet)
HPRegen  0.08/turn              (no ring)
MPRegen  0.10/turn              (no ring)

@: no status effects
A: change form in water, swift swim, stealthy swim
a: no special abilities


You were on level 2 of the Dungeon.
You were not hungry.

You visited 1 branch of the dungeon, and saw 2 of its levels.

You collected 58 gold pieces.

Inventory:

Hand Weapons
 n - a cursed -2 short sword
Missiles
 a - an arrow
Armour
 b - a +0 robe (worn)
 h - a +0 ring mail
 l - a +0 scale mail
 o - a +0 leather armour
 s - a +0 leather armour
Jewellery
 g - a +3 ring of strength {unknown}
Scrolls
 i - 2 scrolls of teleportation {unknown}
 j - a scroll of immolation {unknown}
 k - a scroll of identify {unknown}
 r - a scroll of magic mapping {unknown}
 u - a scroll of enchant armour {unknown}
Potions
 c - a potion of agility {unknown}
 e - 2 potions of might {unknown}
 f - 3 potions of heal wounds {unknown}
 m - a potion of invisibility {unknown}
 p - a potion of lignification {unknown}
 q - a potion of brilliance {unknown}
Comestibles
 d - 3 rations
 t - a chunk of flesh


   Skills:
 - Level 1.1 Fighting
 - Level 2.6 Dodging
 + Level 4.2 Unarmed Combat
 - Level 2.0 Spellcasting
 + Level 4.1 Transmutations


You couldn't memorise any spells.
You knew the following spells:

 Your Spells              Type           Power        Failure   Level  Hunger
a - Beastly Appendage     Tmut           ##....       4%          1    ##.....
b - Sticks to Snakes      Tmut           ##......     7%          2    ###....
c - Spider Form           Tmut/Pois      #.........   32%         3    ####...

Your spell library contained the following spells:

 Spells                   Type           Power        Failure   Level  Hunger
 Ice Form                 Ice/Tmut       #.......     73%         4    #####..
 Blade Hands              Tmut           ##........   78%         5    ######.


Dungeon Overview and Level Annotations

Branches:
Dungeon (2/15)

Altars:


Message History

Your ball python dies!
The orc priest hits you.
You hit the orc priest.
The orc priest is moderately wounded.
The orc priest calls down the wrath of Beogh upon you.
Beogh smites you!
You hit the orc priest but do no damage.
The orc priest is moderately wounded.
The orc priest barely misses you.
You closely miss the orc priest.
The orc priest is moderately wounded.
The orc priest hits you but does no damage.
You punch the orc priest!
The orc priest is almost dead.
The orc priest misses you.
You closely miss the orc priest.
The orc priest is almost dead.
The orc priest invokes the aid of Beogh against you.
Beogh smites you!
You die...

#.......# ####
#.#.#.#.# ....
#.......# #..#
#.#.#.#.# #..#
#...###.# #..# #####
#.# #..# #.#
#..######## #.########
#......<...
#.....@..###..#########
#####o##......#..o.....
#.######......o....
...........#.#####.
##.........###.# #.
#.########.#.## #. #.#
##.## #. .## ### #. #
#.


You could see an orc priest.

Vanquished Creatures
  An adder (D:2)
  A worm (D:2)
  2 dart slugs (D:1)
  3 orcs (D:1)
  3 bats (D:1)
  2 giant cockroaches
  A goblin (D:1)
  A hobgoblin (D:1)
  3 kobolds
  3 frilled lizards
  5 rats (D:1)
25 creatures vanquished.

Vanquished Creatures (collateral kills)
  An orc (D:1)
  2 bats
  A kobold (D:2)
4 creatures vanquished.

Grand Total: 29 creatures vanquished

Notes
Turn   | Place    | Note
-------+----------+-------------------------------------------
     0 | D:1      | Matador8 the Merfolk Transmuter began the quest for the
                  | Orb.
     0 | D:1      | Reached XP level 1. HP: 15/15 MP: 3/3
   211 | D:1      | Reached XP level 2. HP: 17/21 MP: 3/5
   219 | D:1      | Learned a level 2 spell: Sticks to Snakes
  1020 | D:2      | Reached XP level 3. HP: 20/26 MP: 3/6
  1049 | D:2      | Learned a level 3 spell: Spider Form
  1830 | D:2      | Killed from afar by an orc priest

Skill      XL: |  1  2  3 |
---------------+----------+-----
Transmutations | 3 4 |  4.1
Unarmed Combat | 4 |  4.2
Fighting       | |  1.1
Dodging        | |  2.6
Spellcasting   | |  2.0

Action                   || total
-------------------------++-------
Melee: Unarmed           ||    99
       Headbutt          ||     4
       Punch             ||     1
 Cast: Beastly Appendage ||     9
       Sticks to Snakes  ||    11
 Stab: Sleeping          ||     2
       Distracted        ||     1
  Eat: Chunk             ||     4
Armor: Robe              ||    15
Dodge: Dodged            ||    68
